 Dungeon Crawl Stone Soup version 0.18.1-50-g88ac8fd (webtiles) character file.

32 lorenzova the Sneak (level 3, -5/16 HPs)
             Began as a Spriggan Enchanter on Oct 19, 2016.
             Slain by Terence
             ... wielding a +0 trident
              (10 damage)
             ... on level 2 of the Dungeon.
             The game lasted 00:03:29 (1836 turns).

lorenzova the Sneak (Spriggan Enchanter)            Turns: 1836, Time: 00:03:30

Health: -5/16      AC:  3    Str:  5    XL:     3   Next: 8%
Magic:  2/8        EV: 19    Int: 16    God:
Gold:   44         SH:  0    Dex: 16    Spells: 3 memorised, 2 levels left

rFire  . . .     SeeInvis +     a - +1 dagger
rCold  . . .     Gourm    .     b - +1 robe
rNeg   . . .     Faith    .     (shield restricted)
rPois  .         Spirit   .     (helmet restricted)
rElec  .         Dismiss  .     (no cloak)
rCorr  .         Reflect  .     (gloves unavailable)
SustAt .         Harm     .     (boots unavailable)
MR     +....     Rnd*Tele +     (no amulet)
Stlth  +++.......               g - ring of protection from magic
                                f - ring of teleportation (curse)

@: very quick, somewhat resistant to hostile enchantments, fairly stealthy
A: unfitting armour, see invisible, herbivore 3, speed 3, slow metabolism 2
a: no special abilities


You were on level 2 of the Dungeon.
You were not hungry.

You visited 1 branch of the dungeon, and saw 4 of its levels.

You collected 44 gold pieces.

Inventory:

Hand Weapons
 a - a +1 dagger (weapon)
Armour
 b - a +1 robe (worn)
Jewellery
 f - a cursed ring of teleportation (left hand)
 g - a ring of protection from magic (right hand)
 i - an uncursed ring of fire
Scrolls
 e - 4 scrolls of identify
Potions
 h - a potion of heal wounds
 k - 2 potions of curing {unknown}
Books
 c - a book of Maledictions

   Spells                             Type                      Level
   a - Corona                         Hexes                        1
   b - Ensorcelled Hibernation        Hexes/Ice                    2
   c - Confuse                        Hexes                        3
   d - Tukima's Dance                 Hexes                        3
   e - Dazzling Spray                 Conjuration/Hexes            3
Comestibles
 d - 2 bread rations


   Skills:
 + Level 1.1 Short Blades
 + Level 3.7 Dodging
 + Level 4.9 Stealth
 + Level 3.1 Spellcasting
 + Level 4.0 Hexes
 + Level 0.2 Ice Magic


You had 2 spell levels left.
You knew the following spells:

 Your Spells              Type           Power        Failure   Level  Hunger
a - Corona                Hex            ###....      4%          1    None
b - Ensorcelled Hibernat  Hex/Ice        #.....       14%         2    ##.....
c - Confuse               Hex            ###.....     12%         3    ###....


Dungeon Overview and Level Annotations

Branches:
Dungeon (4/15)
 Temple: D:4-7

Altars:
Kikubaaqudgha
Xom
The Shining One

Annotations:
D:2 Terence
D:3 Ijyb


Innate Abilities, Weirdness & Mutations

You are tiny and cannot use many weapons and most armour.
You have supernaturally acute eyesight.
You are a herbivore.
You cover ground extremely quickly.
You need consume almost no food.


Message History

Terence barely misses you.
Casting: Confuse
Confirm with . or Enter, or press ? or * to list all spells.
Aiming: Ensorcelled Hibernation
Press: ? - help, Shift-Dir - straight line, f/p - Terence
Aim: Terence, wielding a trident and wearing a scale mail (lightly wounded, chance to defeat MR: 50%) Terence looks drowsy...
The helpless Terence fails to defend himself.
You puncture Terence!
Terence is almost dead.
Terence closely misses you.
You barely miss Terence.
Terence is almost dead.
Terence hits you with a trident!
Ouch! That really hurt!
You closely miss Terence.
Terence is almost dead.
Terence hits you with a trident!
Ouch! That really hurt!
You die...

.(....### _.......# ###
........# ###<###
..8.._..#### #######.....#
.......g.†.# #....##.....#
......####g# #....##.....###
.._...# #.# #?...##.......#
.....## #@# #....##.......#
.....# #.# #..@.####.....#
.....# #@# #...@# #.....#
.....# #.###....####.....#
.....# #...#.............#
.#.### ###.#.............#
.#.#########.#(........#####
..>........................
$
.....#####.....##......##...
...#
............................
....


You could see Terence.

Vanquished Creatures
  An adder (D:2)
  A ball python (D:1)
  A bat (D:1)
  A giant cockroach (D:3)
  3 goblins (D:1)
  4 hobgoblins (D:1)
  4 jackals (D:1)
  2 kobolds
  A rat (D:1)
18 creatures vanquished.

Notes
Turn   | Place    | Note
--------------------------------------------------------------
     0 | D:1      | lorenzova the Spriggan Enchanter began the quest for the Orb.
     0 | D:1      | Reached XP level 1. HP: 9/9 MP: 5/5
   289 | D:2      | Noticed Terence
   318 | D:3      | Noticed Ijyb
   366 | D:4      | Noticed an ogre
   815 | D:2      | Found a glowing golden altar of the Shining One.
   816 | D:2      | Found a shimmering altar of Xom.
   818 | D:2      | Found an ancient bone altar of Kikubaaqudgha.
  1008 | D:1      | Reached XP level 2. HP: 10/13 MP: 6/6
  1012 | D:1      | Learned a level 2 spell: Ensorcelled Hibernation
  1721 | D:2      | Reached XP level 3. HP: 16/16 MP: 5/8
  1766 | D:1      | Learned a level 3 spell: Confuse
  1836 | D:2      | Slain by Terence

Skill      XL: |  1  2 |
---------------+-------+-----
Spellcasting   | 3 |  3.1
Hexes          | 4 |  4.0
Short Blades   | |  1.1
Dodging        | |  3.7
Stealth        | |  4.9
Ice Magic      | |  0.2

Action                   || total
-------------------------++-------
Melee: Dagger            ||    87
 Cast: Corona            ||     2
       Ensorcelled Hiber ||    13
       Confuse           ||     2
  Use: Scroll            ||     3
 Stab: Sleeping          ||    14
       Distracted        ||     1
Armor: Robe              ||    19
Dodge: Dodged            ||    97
